 Dungeon Crawl Stone Soup version 0.30.0-29-ga12c61a403 (webtiles) character file.

Game seed: 3087294685226587367

302 DildoBatman the Conjurer (level 6, -1/45 (46) HPs)
             Began as a Formicid Conjurer on June 8, 2023.
             Slain by an orc warrior
             ... wielding a +0 scimitar
              (11 damage)
             ... on level 7 of the Dungeon.
             The game lasted 00:10:57 (3183 turns).

DildoBatman the Conjurer (Formicid Conjurer)        Turns: 3183, Time: 00:10:58

HP:   -1/45 (46)    AC:  2    Str: 11    XL:     6   Next: 65%
MP:   17/20         EV: 12    Int: 20    God:
Gold: 225           SH:  0    Dex: 12    Spells: 8/11 levels left

rFire   . . .        c - +4 spear of Tiseygex {chaos, Contam rC+ Will++}
rCold   + . .        (no shield)
rNeg    . . .        j - +0 robe
rPois   .            (helmet unavailable)
rElec   .            (no cloak)
rCorr   .            (no gloves)
SInv    +            (no boots)
Will    ++...        r - amulet of regeneration
Stlth   ++           C - ring of magical power
HPRegen 1.07/turn    (no ring)
MPRegen 0.17/turn

%: no passive effects
@: lightly drained
A: permanent stasis, dig shafts and tunnels, antennae 3, four strong arms
a: Dig, Shaft Self


You were on level 7 of the Dungeon.
You visited 1 branch of the dungeon, and saw 7 of its levels.

You collected 225 gold pieces.

Inventory:

Hand Weapons
 a - a +0 dagger of flaming
 b - a +0 sling
 c - the +4 spear of Tiseygex (weapon) {chaos, Contam rC+ Will++}
   (You found it on level 4 of the Dungeon)

   rC:        It protects you from cold.
   Contam:    It causes magical contamination when unequipped.
   Will:      It greatly increases your willpower.
Missiles
 w - 3 poisoned darts
Armour
 e - a +2 scale mail of willpower
 j - a +0 robe (worn)
Jewellery
 r - an amulet of regeneration (around neck)
 t - a ring of fire
 C - a ring of magical power (left hand)
Wands
 m - a wand of quicksilver (11)
 u - a wand of digging (13)
 A - a wand of polymorph (4)
 B - a wand of flame (17)
Scrolls
 f - 4 scrolls of fog
 g - a scroll of immolation {unknown}
 h - 5 scrolls of teleportation
 k - a scroll of blinking {unknown}
 q - 3 scrolls of enchant armour {unknown}
 v - 2 scrolls of acquirement {unknown}
 x - a scroll of fear {unknown}
 z - 2 scrolls of identify
 F - 2 scrolls of noise {unknown}
Potions
 d - 4 potions of curing {unknown}
 i - 2 potions of berserk rage {unknown}
 l - a potion of magic
 n - 2 potions of might {unknown}
 o - 4 potions of haste {unknown}
 p - 2 potions of degeneration {unknown}
 s - 3 potions of lignification {unknown}
 y - 2 potions of flight {unknown}
 D - a potion of ambrosia {unknown}
 E - a potion of attraction {unknown}


   Skills:
 * Level 2.7 Fighting
 * Level 2.7 Armour
 - Level 3.0 Dodging
 - Level 3.0 Stealth
 * Level 3.3 Spellcasting
 * Level 4.4 Conjurations


You had 8 spell levels left.
You knew the following spells:

 Your Spells              Type           Power      Damage    Failure   Level
a - Searing Ray           Conj           40%        2d5       3%          2
c - Magic Dart            Conj           80%        1d7       2%          1

Your spell library contained the following spells:

 Spells                   Type           Power      Damage    Failure   Level
 Necrotise                Necr           12%        1d4       14%         1
 Dazzling Flash           Conj/Hex       24%        N/A       17%         3
 Lesser Beckoning         Tloc           6%         N/A       21%         2
 Gell's Gravitas          Tloc           3%         N/A       38%         3
 Teleport Other           Tloc           3%         N/A       38%         3
 Vampiric Draining        Necr           3%         2d6       38%         3
 Fulminant Prism          Conj/Hex       6%         3d7       50%         4
 Iskenderun's Mystic Bla  Conj/Tloc      12%        2d5       50%         4
 Agony                    Necr           3%         N/A       98%         5


Dungeon Overview and Level Annotations

Branches:
Dungeon (7/15)
 Temple: D:4-7

Altars:
Ashenzari
Hepliaklqana
Vehumet

Annotations:
D:3 1 runed translucent door, exclusion: hound, Crazy Yiuf, Ijyb, Jessica
D:4 exclusion: jelly, Dowan
D:5 Sigmund


Innate Abilities, Weirdness & Mutations

You cannot be hasted, slowed, berserked, paralysed or teleported.
You can dig through walls and to a lower floor.
You have a pair of large antennae on your head. (SInv)
Your four strong arms can wield two-handed weapons with a shield.


Message History

The searing ray misses the orc warrior.
The searing ray misses the orc warrior.
The searing ray misses the orc warrior.
You finish channelling your searing ray.
An orc comes into view. It is wielding a +0 short sword.
The orc warrior hits you with a +0 scimitar.
Casting: Searing Ray (safe; 3% risk of failure)
Confirm with . or Enter, or press ? or * to list all spells.
Aiming: Searing Ray (safe; 3% risk of failure)
Press: ? - help, Shift-Dir - straight line, f/p - orc warrior
Aim: an orc warrior, wielding a +0 scimitar and wearing a +0 chain mail (75% to hit)
Okay, then.
You barely miss the orc warrior. The orc warrior closely misses you.
The orc shouts!
You hit the orc warrior but do no damage.
The orc warrior seems to grow stronger.
The orc warrior closely misses you.
You closely miss the orc warrior.
The orc warrior hits you with a +0 scimitar!
You hit the orc warrior but do no damage.
The orc warrior closely misses you.
You closely miss the orc warrior.
The orc warrior hits you with a +0 scimitar!!
Ouch! That really hurt!
You closely miss the orc warrior. The orc warrior barely misses you.
The orc warrior hits you with a +0 scimitar.
You barely miss the orc warrior. The orc warrior closely misses you.
You hit the orc warrior.
The orc warrior easily resists.
The orc warrior is lightly wounded.
The orc warrior barely misses you.
A kobold brigand comes into view.
It is wielding a +0 dagger and quivering curare-tipped darts.
The kobold brigand shouts!
You hit the orc warrior but do no damage.
The orc warrior is lightly wounded.
The orc warrior hits you with a +0 scimitar!
You die...

#######...........# .
##...##...##..K<..## ..
##.<.......(#.......# ...
#...................#....
#.......................$
#...............)........
##..........#..)o.#.....
##...##.......#o## ....
######...###.#@# .#
#....##.#.# #..#.##...#
####...#[.# ##$##.. . #.#
..# #.#


You could see an orc warrior (strong), a kobold brigand and an orc.

Vanquished Creatures
  A scorpion (D:4)
  3 iguanas
  An orc wizard (D:2)
  4 gnolls (D:4)
  An adder (D:2)
  A shadow imp (D:5)
  3 dart slugs
  6 orcs
  6 ball pythons
  4 bats
  11 endoplasms
  A giant cockroach (D:4)
  10 hobgoblins
  4 jackals (D:1)
  2 quokkas
  A frilled lizard (D:1)
  5 goblins
  7 kobolds
  6 rats
77 creatures vanquished.

Notes
Turn   | Place    | Note
-------+----------+-------------------------------------------
     0 | D:1      | DildoBatman the Formicid Conjurer began the quest for the
                  | Orb.
     0 | D:1      | Reached XP level 1. HP: 13/13 MP: 3/3
   301 | D:1      | Reached XP level 2. HP: 20/20 MP: 1/5
   304 | D:1      | Learned a level 2 spell: Searing Ray
   652 | D:1      | Reached skill level 1 in Fighting
   658 | D:1      | Reached XP level 3. HP: 19/26 MP: 1/6
   750 | D:1      | Reached skill level 1 in Armour
  1507 | D:2      | Found a broken altar of Ashenzari.
  1657 | D:2      | Reached XP level 4. HP: 32/32 MP: 2/7
  1881 | D:3      | Noticed Ijyb
  1957 | D:3      | Reached XP level 5. HP: 38/38 MP: 9/9
  2007 | D:3      | Noticed Jessica
  2073 | D:3      | Reached skill level 4 in Conjurations
  2082 | D:3      | You fall into a shaft and drop 2 floors!
  2082 | D:5      | Entered Level 5 of the Dungeon
  2087 | D:5      | Noticed a black bear
  2110 | D:5      | Noticed Sigmund
  2144 | D:4      | Identified the +4 spear of Tiseygex {chaos, Contam rC+
                  | Will++}
  2488 | D:4      | Reached XP level 6. HP: 40/46 MP: 5/10
  2646 | D:3      | Found a runed translucent door.
  2647 | D:3      | Noticed Crazy Yiuf
  2712 | D:3      | You fall into a shaft and drop 1 floor!
  2779 | D:4      | Noticed Dowan
  2872 | D:5      | Found a hazy altar of Hepliaklqana.
  2975 | D:5      | Found a radiant altar of Vehumet.
  3163 | D:7      | Noticed an orc warrior
  3183 | D:7      | Slain by an orc warrior

Illustrated notes

Levels and vault maps discovered:
D:1:      spicycebolla_arrival_transporter_tutorial, layout_basic
D:2:      layout_basic, basic_altar, moated_statue, nrook_campfire,
          dreamdust_wishing_well
D:3:      layout_rooms, led_sif_pool, grunt_ministairs_14, uniq_jessica,
          uniq_crazy_yiuf_cottage, uniq_ijyb
D:4:      layout_basic, minmay_pentangle, uniq_duvessa
D:5:      layout_basic, amcnicky_altar_gilded,
          mainiacjoe_overflow_small_starburst, gammafunk_ghost_arena,
          amethyst_killhole, uniq_edmund, uniq_sigmund
D:6:      layout_loops_ring, nicolae_shop_fire_sale [nicolae_sub_dead_trees],
          uniq_grinder
D:7:      layout_rooms, minmay_temple_entry_enclosed_plants, enter_bailey_4

Skill      XL: |  1  2  3  4  5  6 |
---------------+-------------------+-----
Dodging        | 2 3 |  3.0
Fighting       | 1 2 |  2.7
Armour         | 1 2 |  2.7
Stealth        | 3 |  3.0
Conjurations   | 4 |  4.4
Spellcasting   | 3 |  3.3

Action                     |  1- 3 |  4- 6 || total
---------------------------+-------+-------++-------
  Melee: Club              |    21 |       ||    21
         Dagger            |    11 |     4 ||    15
         Spear             |       |    28 ||    28
   Fire: Sling             |    13 |    63 ||    76
   Cast: Magic Dart        |    54 |     3 ||    57
         Searing Ray       |     3 |    15 ||    18
Ability: Shaft Self        |       |     2 ||     2
         Dig               |       |     1 ||     1
    Use: Scroll            |       |     5 ||     5
   Stab: Sleeping          |     3 |       ||     3
 Armour: Robe              |     8 |     3 ||    11
  Dodge: Dodged            |    37 |    54 ||    91
